 Dungeon Crawl Stone Soup version 0.17-a0-896-g249456b (webtiles) character file.

272 digdugdiggy the Conjurer (level 6, 0/32 HPs)
             Began as a Deep Elf Conjurer on May 2, 2015.
             Succumbed to a kobold's poison
             ... on level 3 of the Dungeon.
             The game lasted 00:05:19 (3851 turns).

digdugdiggy the Conjurer (Deep Elf Conjurer)        Turns: 3851, Time: 00:05:19

Health: 0/32       AC:  6    Str:  5    XL:     6   Next: 2%
Magic:  4/16       EV: 13    Int: 22    God:
Gold:   149        SH:  0    Dex: 15    Spells: 4 memorised, 3 levels left

rFire  . . .     SeeInvis .     j - +2 hammer (distort)
rCold  . . .     Clarity  .     a - +2 robe
rNeg   . . .     SustAb   .     (no shield)
rPois  .         Gourm    .     (no helmet)
rElec  .         Spirit   .     i - +1 cloak
rCorr  .         Warding  .     (no gloves)
rMut   .         Stasis   .     (no boots)
MR     .....                    (no amulet)
Stlth  ++........               (no ring)
                                (no ring)

@: lethally poisoned (0 -> -7), not resistant to hostile enchantments,
unstealthy
A: no striking features
a: no special abilities


You were on level 3 of the Dungeon.
You were hungry.

You visited 1 branch of the dungeon, and saw 3 of its levels.

You collected 149 gold pieces.

Inventory:

Hand weapons
 j - a +2 hammer of distortion (weapon)
Armour
 a - a +2 robe (worn)
 i - a +1 cloak (worn)
Scrolls
 e - a scroll of blinking
Potions
 k - 2 potions of agility
Books
 b - a book of Conjurations

   Spells                             Type                      Level
   a - Magic Dart                     Conjuration                  1
   b - Searing Ray                    Conjuration                  2
   c - Dazzling Spray                 Conjuration/Hexes            3
   d - Fulminant Prism                Conjuration/Hexes            4
   e - Iskenderun's Mystic Blast      Conjuration                  4
   f - Iskenderun's Battlesphere      Conjuration/Charms           5
Comestibles
 c - a bread ration
 f - 3 fruits


   Skills:
 - Level 2.4 Dodging
 - Level 2.4 Stealth
 + Level 5.4 Spellcasting
 * Level 7.0 Conjurations


You had 3 spell levels left.
You knew the following spells:

 Your Spells              Type           Power        Failure   Level  Hunger
a - Magic Dart            Conj           ####         1%          1    None
b - Searing Ray           Conj           #####.       1%          2    None
c - Iskenderun's Mystic   Conj           #####...     8%          4    ####...
d - Iskenderun's Battles  Conj/Chrm      ###.....     75%         5    #####..


Dungeon Overview and Level Annotations

Branches:
Dungeon (3/15)

Altars:
Yredelemnul


Message History

The magic dart hits the kobold.
You kill the kobold!
* * * LOW HITPOINT WARNING * * *
You feel sick.
There is a lethal amount of poison in your body!
There is a lethal amount of poison in your body!
There is a lethal amount of poison in your body!
* * * LOW HITPOINT WARNING * * *
You feel sick.
* * * LOW HITPOINT WARNING * * *
You feel sick.
* * * LOW HITPOINT WARNING * * *
You feel sick.
* * * LOW HITPOINT WARNING * * *
You feel sick.
* * * LOW HITPOINT WARNING * * *
You feel sick.
* * * LOW HITPOINT WARNING * * *
You feel sick.
You die...

##################
.................#
.###############.#
......## #.#
.##.......#
#@#########
.##.......#
#.(.....).#
.##.......###
#########.#
.##......... #.#
###.......# #.#
###.......#
#######(#
..........#
#..o..†.#
#.....<####
#.####### #.#.#..#
#(#


There were no monsters in sight!

Vanquished Creatures
  Crazy Yiuf (D:3)
  2 orc priests (D:3)
  Natasha (twice) (D:2)
  A gnoll (D:1)
  6 adders
  An ooze (D:2)
  An adder zombie (D:3)
  2 worms (D:2)
  9 orcs (D:3)
  2 goblins
  9 hobgoblins
  6 jackals (D:2)
  2 quokkas (D:2)
  6 bats
  2 giant cockroaches
  4 giant geckos
  2 giant newts
  9 kobolds
  7 rats
74 creatures vanquished.

Notes
Turn   | Place    | Note
--------------------------------------------------------------
     0 | D:1      | digdugdiggy, the Deep Elf Conjurer, began the quest for the Orb.
     0 | D:1      | Reached XP level 1. HP: 10/10 MP: 6/6
   492 | D:1      | Reached XP level 2. HP: 15/15 MP: 4/8
   502 | D:1      | Learned a level 2 spell: Searing Ray
   592 | D:1      | Reached skill level 5 in Conjurations
   666 | D:1      | Reached XP level 3. HP: 19/19 MP: 8/10
  1131 | D:2      | Found a basalt altar of Yredelemnul.
  1834 | D:2      | Reached XP level 4. HP: 24/24 MP: 2/12
  1910 | D:2      | Learned a level 4 spell: Iskenderun's Mystic Blast
  1945 | D:2      | Noticed Natasha
  1948 | D:2      | Killed Natasha
  2095 | D:2      | Noticed Natasha
  2097 | D:2      | Killed Natasha
  2241 | D:2      | Reached skill level 6 in Conjurations
  3024 | D:3      | Reached XP level 5. HP: 28/28 MP: 9/14
  3032 | D:3      | Learned a level 5 spell: Iskenderun's Battlesphere
  3235 | D:3      | Reached skill level 5 in Spellcasting
  3610 | D:3      | Noticed Crazy Yiuf
  3617 | D:3      | Killed Crazy Yiuf
  3819 | D:3      | Reached skill level 7 in Conjurations
  3819 | D:3      | Reached XP level 6. HP: 8/32 MP: 1/16
  3849 | D:3      | HP: 1/32 [poisoned by a kobold]
  3851 | D:3      | Succumbed to a kobold's poison

Action                   |  1- 3 |  4- 6 || total
-------------------------+-------+-------++-------
Melee: Unarmed           |     5 |     3 ||     8
 Cast: Magic Dart        |    88 |   102 ||   190
       Searing Ray       |       |     2 ||     2
  Use: Scroll            |     4 |     1 ||     5
       Potion            |       |     5 ||     5
  Eat: Chunk             |     3 |     4 ||     7
       Fruit             |       |     1 ||     1
